 Dungeon Crawl Stone Soup version 0.30.0-5-g1a98f26d00 (webtiles) character file.

Game seed: 13897122310937228134

224 zlionsfan the Conjurer (level 5, -7/42 HPs)
             Began as a Draconian Conjurer on May 10, 2023.
             Was a Believer of Vehumet.
             Killed by divine providence
             ... invoked by an orc priest
              (14 damage)
             ... on level 3 of the Dungeon.
             The game lasted 00:09:13 (2608 turns).

zlionsfan the Conjurer (Draconian Conjurer)         Turns: 2608, Time: 00:09:14

Health: -7/42      AC:  5    Str:  9    XL:     5   Next: 67%
Magic:  1/9        EV: 12    Int: 21    God:    Vehumet [**....]
Gold:   83         SH:  0    Dex:  9    Spells: 5/9 levels left

rFire   . . .        a - +7 flail (protect)
rCold   . . .        (no shield)
rNeg    . . .        (body armour unavailable)
rPois   .            (helmet restricted)
rElec   .            (no cloak)
rCorr   .            (no gloves)
SInv    .            (no boots)
Will    .....        (no amulet)
Stlth   ++           (no ring)
HPRegen 0.27/turn    (no ring)
MPRegen 0.11/turn

%: no passive effects
@: no status effects
A: AC +5, unfitting armour, cold-blooded
a: Renounce Religion


You were on level 3 of the Dungeon.
You worshipped Vehumet.
Vehumet was pleased with you.
You visited 1 branch of the dungeon, and saw 3 of its levels.
You also visited: Sewer.

You collected 83 gold pieces.

Inventory:

Hand Weapons
 a - a +7 flail of protection (weapon)
 f - a +1 spear of flaming
 r - a +3 dagger
Missiles
 g - 6 atropa-tipped darts (quivered)
 h - 12 poisoned darts
Wands
 u - a wand of digging (6)
Scrolls
 c - 2 scrolls of identify {unknown}
 e - 2 scrolls of teleportation {unknown}
 i - a scroll of immolation {unknown}
 k - a scroll of amnesia {unknown}
 l - 2 scrolls of blinking {unknown}
 p - a scroll of fog {unknown}
 q - a scroll of enchant weapon {unknown}
 s - a scroll of noise {unknown}
 t - a scroll of vulnerability {unknown}
Potions
 b - a potion of cancellation {unknown}
 d - a potion of might {unknown}
 j - a potion of mutation {unknown}
 m - 2 potions of resistance {unknown}
 n - 2 potions of curing {unknown}
 o - a potion of invisibility {unknown}


   Skills:
 * Level 2.4 Fighting
 + Level 0.5 Long Blades
 + Level 0.7 Maces & Flails
 + Level 1.2 Polearms
 + Level 0.6 Throwing
 + Level 2.3 Dodging
 + Level 1.9 Stealth
 * Level 2.8 Spellcasting
 * Level 5.2 Conjurations


You had 5 spell levels left.
You knew the following spells:

 Your Spells              Type           Power      Damage    Failure   Level
a - Magic Dart            Conj           96%        1d7       1%          1
b - Searing Ray           Conj           48%        2d6       2%          2
c - Shock                 Conj/Air       52%        1d6       4%          1

Your spell library contained the following spells:

 Spells                   Type           Power      Damage    Failure   Level
 Sandblast                Erth           4%         2d4       14%         1
 Dazzling Flash           Conj/Hex       26%        N/A       14%         3
 Fulminant Prism          Conj/Hex       6%         3d7       43%         4
 Iskenderun's Mystic Bla  Conj/Tloc      13%        2d5       43%         4


Dungeon Overview and Level Annotations

Branches:
Dungeon (3/15)              Sewer (visited)

Altars:
Makhleb
Vehumet


Innate Abilities, Weirdness & Mutations

Your plain brown scales are hard. (AC +5)
You cannot fit into any form of body armour.
You are cold-blooded and may be slowed by cold attacks.


Message History

You barely resist.
The searing ray hits the orc priest.
The orc priest is moderately wounded.
The searing ray misses the orc.
An orc comes into view.
It is wielding a +0 hand axe of freezing.
The searing ray misses the orc.
The searing ray hits the orc priest but does no damage.
The orc priest is moderately wounded.
The searing ray hits the orc.
You kill the orc!
Vehumet accepts your kill.
The searing ray hits the orc priest but does no damage.
The orc priest is moderately wounded.
You finish channelling your searing ray.
The orc shouts!
The orc priest mumbles some strange prayers to Beogh against you.
Pain shoots through your body!
You hear a shout!
You hear a shout!
The orc priest calls down the wrath of Beogh upon you.
Beogh smites you!
Casting: Searing Ray (safe; 2% risk of failure)
Confirm with . or Enter, or press ? or * to list all spells.
Aiming: Searing Ray (safe; 2% risk of failure)
Press: ? - help, Shift-Dir - straight line, f/p - orc priest
Aim: an orc priest, wielding a +0 club and wearing a +0 scale mail (moderately wounded, 82% to hit)
The searing ray hits the orc priest.
The orc priest is moderately wounded.
The searing ray hits the orc!
You kill the orc!
Vehumet accepts your kill. (Press . to maintain the ray.)
The orc priest mumbles some strange prayers to Beogh against you.
Beogh smites you!
* * * LOW HITPOINT WARNING * * *
The searing ray hits the orc priest but does no damage.
The orc priest is moderately wounded.
The orc priest calls down the wrath of Beogh upon you.
Beogh smites you!
You die...

..# #.####.....# #.#
##.# #.....# #.### #..#
####### #.#.###..#
#..#.##..########
..###...........#
#..#..#..#..###.#
.........#..###.######.#
#.#.#.)......##.@))o)..#
#.#.#.#.##.......#######
#.#.#..)....###.##
#######)##.))...#
#≈.~....#########
#≈~.....# #≈≈.....#
')≈.....# #≈≈~....#


You could see an orc priest.

Vanquished Creatures
  Ijyb (D:3)
  Terence (D:3)
  4 gnolls (D:3)
  An adder (D:3)
  A worm (D:3)
  3 dart slugs
  8 orcs
  10 ball pythons
  14 bats
  6 endoplasms
  4 giant cockroaches
  11 hobgoblins
  12 kobolds
  A quokka (D:1)
  7 frilled lizards
  15 goblins
  6 rats
105 creatures vanquished.

Notes
Turn   | Place    | Note
-------+----------+-------------------------------------------
     0 | D:1      | zlionsfan the Draconian Conjurer began the quest for the
                  | Orb.
     0 | D:1      | Reached XP level 1. HP: 14/14 MP: 3/3
   217 | D:1      | Reached XP level 2. HP: 20/20 MP: 1/5
   315 | D:1      | Learned a level 2 spell: Searing Ray
   586 | D:1      | Reached XP level 3. HP: 27/27 MP: 6/6
   858 | D:2      | Found a radiant altar of Vehumet.
   876 | D:2      | Became a worshipper of Vehumet
  1282 | D:2      | Reached XP level 4. HP: 34/34 MP: 5/7
  1609 | D:3      | Reached skill level 1 in Fighting
  1609 | D:3      | Reached skill level 1 in Polearms
  1617 | D:3      | Reached * piety under Vehumet
  1617 | D:3      | Offered knowledge of Shock by Vehumet.
  1625 | D:3      | Learned a level 1 spell: Shock
  1718 | D:3      | Reached skill level 5 in Conjurations
  1951 | D:3      | Reached XP level 5. HP: 40/41 MP: 3/8
  1952 | D:3      | Noticed Terence
  1982 | D:3      | Killed Terence
  2096 | D:3      | Found a glowing drain.
  2111 | Sewer    | Entered a sewer
  2126 | Sewer    | Reached ** piety under Vehumet
  2126 | Sewer    | Offered knowledge of Sandblast by Vehumet.
  2142 | Sewer    | Noticed Pargi
  2476 | D:3      | Found a burning altar of Makhleb.
  2480 | D:3      | Noticed Ijyb
  2490 | D:3      | Killed Ijyb
  2608 | D:3      | Killed from afar by an orc priest

Illustrated notes

Levels and vault maps discovered:
D:1:      co_arrival_square_in_a_square_in_a_square, layout_basic
D:2:      layout_basic, basic_altar
D:3:      minmay_wonky_spiral, layout_loops_cross, bloody_makhleb,
          portal_sewer_entry_b, minmay_goblin_outpost, uniq_terence, uniq_ijyb

Skill      XL: |  1  2  3  4 |
---------------+-------------+-----
Dodging        | 2 |  2.3
Fighting       | 2 |  2.4
Polearms       | 1 |  1.2
Conjurations   | 5 |  5.2
Long Blades    | |  0.5
Maces & Flails | |  0.7
Throwing       | |  0.6
Stealth        | |  1.9
Spellcasting   | |  2.8

Action                     |  1- 3 |  4- 6 || total
---------------------------+-------+-------++-------
  Melee: Long sword        |    45 |       ||    45
         Whip              |     1 |       ||     1
         Spear             |    34 |    23 ||    57
         Tailslap          |     7 |     6 ||    13
         Punch             |     1 |     1 ||     2
         Dagger            |       |    16 ||    16
         Flail             |       |    33 ||    33
  Throw: Dart              |       |     2 ||     2
   Cast: Magic Dart        |    59 |    26 ||    85
         Searing Ray       |     1 |     7 ||     8
         Shock             |       |     2 ||     2
    Use: Potion            |       |     2 ||     2
   Stab: Sleeping          |       |     2 ||     2
 Armour: Skin              |    32 |    23 ||    55
  Dodge: Dodged            |    49 |    78 ||   127
